 Dungeon Crawl Stone Soup version 0.31.0-12-g77e489cdc1 (webtiles) character file.

Game seed: 14964149662110516423

3460 hawla the Torchbearer (level 9, -1/71 HPs)
             Began as a Minotaur Fighter on Feb 17, 2024.
             Was an Initiate of Yredelemnul.
             Slain by a hornet (13 damage)
             ... while paralysed by a hornet
             ... on level 9 of the Dungeon.
             The game lasted 00:14:52 (6901 turns).

hawla the Torchbearer (Minotaur Fighter)            Turns: 6901, Time: 00:14:54

Health: -1/71      AC: 15    Str: 26    XL:     9   Next: 78%
Magic:  16/16      EV:  2    Int:  5    God:    Yredelemnul [......]
Gold:   461        SH:  0    Dex:  9    Spells: 8/8 levels left

rFire   . . .        a - +1 war axe
rCold   . . .        c - +0 buckler
rNeg    . . .        i - +0 plate armour
rPois   .            (helmet restricted)
rElec   .            y - +0 cloak
rCorr   .            C - +0 pair of gloves
SInv    .            v - +0 pair of boots
Will    .....        o - amulet of reflection Stlth
                     (no ring)
HPRegen 0.31/turn    (no ring)
MPRegen 0.15/turn

%: reflection
@: paralysed, lethally poisoned (-1 -> -6), studying Throwing
A: horns 2, retaliatory headbutt
a: Renounce Religion, Recall Undead Harvest


You were on level 9 of the Dungeon.
You worshipped Yredelemnul.
Yredelemnul was aware of your devotion.
You visited 2 branches of the dungeon, and saw 10 of its levels.

You collected 461 gold pieces.

Inventory:

Hand Weapons
 a - a +1 war axe (weapon)
Missiles
 m - 5 curare-tipped darts
 t - 10 poisoned darts (quivered)
 x - 2 boomerangs
Armour
 c - a +0 buckler (worn)
 i - a +0 plate armour (worn)
 v - a +0 pair of boots (worn)
 y - a +0 cloak (worn)
 C - a +0 pair of gloves (worn)
Jewellery
 o - an amulet of reflection (around neck)
Wands
 b - a wand of quicksilver (10)
 k - a wand of iceblast (10)
 B - a wand of paralysis (5)
Scrolls
 e - a scroll of immolation {unknown}
 f - a scroll of silence
 g - 5 scrolls of fear
 j - a scroll of revelation
 q - 3 scrolls of vulnerability
 s - a scroll of fog
 w - 2 scrolls of enchant armour
 A - 6 scrolls of identify
Potions
 d - a potion of might
 h - 3 potions of heal wounds
 l - 2 potions of curing
 n - 2 potions of enlightenment {unknown}
 p - 2 potions of degeneration {unknown}
 r - 3 potions of attraction {unknown}
 u - a potion of berserk rage {unknown}
 z - 3 potions of magic {unknown}
 D - a potion of mutation {unknown}


   Skills:
 - Level 4.0 Fighting
 - Level 2.4 Axes
 - Level 6.0 Throwing
 - Level 3.6 Armour
 - Level 5.0 Dodging
 - Level 5.0 Shields
 + Level 10.7 Invocations
 - Level 3.0 Evocations


You had 8 spell levels left.
You didn't know any spells.
Your spell library was empty.

Dungeon Overview and Level Annotations

Branches:
Dungeon (9/15)             Temple (1/1) D:4
   Lair: D:8-11         Orc: D:9-12

Altars:
Ashenzari
Cheibriados
Dithmenos
Elyvilon
Fedhas
Gozag
Hepliaklqana
Kikubaaqudgha
Makhleb
Nemelex Xobeh
Okawaru
Qazlal
Ru
Sif Muna
Trog
Uskayaw
Vehumet
Wu Jian
Xom
Yredelemnul
Zin
The Shining One

Shops:
D:2 =   D:7 *


Innate Abilities, Weirdness & Mutations

You have a pair of horns on your head.
You reflexively headbutt those who attack you in melee.


Message History

The wyvern bites you but does no damage.
Your kobold zombie closely misses the wyvern.
Aiming: Quicksilver Bolt
Press: ? - help, Shift-Dir - straight line, f - hornet
Aim: a hornet (lightly wounded, 60% to hit)
The bolt of dispelling energy hits the hornet!
The hornet is heavily wounded.
Your howler monkey zombie closely misses the wyvern.
The hornet stings you but does no damage.
You block the wyvern's attack.
Your kobold zombie hits the wyvern but does no damage.
Aiming: Paralyse
Press: ? - help, Shift-Dir - straight line, f/p - hornet
Aim: a hornet (heavily wounded, chance to affect: 48%)
The hornet resists with some effort.
You block the hornet's attack. The wyvern bites your kobold zombie.
Your howler monkey zombie hits the wyvern but does no damage.
An orc comes into view.
It is wielding a +4 hand axe of draining.
Your kobold zombie hits the wyvern but does no damage. x2
The hornet stings you!
You are poisoned.
You suddenly lose the ability to move!
The wyvern bites your kobold zombie!!
Your kobold zombie is destroyed!
The wyvern hisses angrily.
You feel very sick.
Your howler monkey zombie hits the wyvern.
The orc priest calls down the wrath of Beogh upon you.
Beogh smites you!
The hornet stings you but does no damage.
The wyvern bites you but does no damage.
Your kobold zombie hits the wyvern.
You feel sick.
The hornet stings you but does no damage.
The wyvern bites you!
* * * LOW HITPOINT WARNING * * *
Your howler monkey zombie hits the wyvern but does no damage.
An orc comes into view. It is wielding a +0 short sword.
The hornet stings you!
You die...
Your body rises from the dead as a mindless zombie.

.............o
.............
#.........o
.#.........
......)..o#
..........##
.......ok..#
......y@ZZ.#
......))<.##
...........#
..........##
........#.#
........###
...#..###
#..##. ##


You could see a hornet, a wyvern (ally target), an orc priest, 3 orcs, a
friendly kobold zombie and a friendly howler monkey zombie.

Vanquished Creatures
  Pikel (D:7)
  Jeremiah (D:7)
  A hornet (D:7)
  A vampire (D:8)
  An acid dragon (D:8)
  A water moccasin (D:6)
  An ice beast (D:6)
  2 sky beasts (D:7)
  An ogre (D:5)
  A centaur (D:6)
  2 lemures (D:7)
  2 kobold brigands
  2 bullfrogs
  A scorpion (D:4)
  2 killer bees (D:5)
  2 howler monkeys (D:9)
  2 bombardier beetles (D:5)
  3 hounds
  Crazy Yiuf (D:4)
  2 jellies
  2 orc priests
  A sleepcap (D:7)
  5 iguanas
  4 orc wizards
  12 adders
  2 shadow imps
  3 dart slugs
  2 ribbon worms
  17 orcs
  6 endoplasms
  3 giant cockroaches
  7 goblins
  7 hobgoblins
  3 quokkas
  5 ball pythons
  7 bats
  4 frilled lizards
  14 kobolds
  5 rats
139 creatures vanquished.

Vanquished Creatures (collateral kills)
  Eustachio (D:6)
  A water moccasin (D:7)
  A black bear (D:8)
  A killer bee (D:5)
  2 sleepcaps
  An adder (D:6)
  A ribbon worm (D:4)
8 creatures vanquished.

Vanquished Creatures (others)
  A bullfrog zombie (D:5)
  A killer bee zombie (D:5)
  2 hound zombies
  2 adder zombies
  An iguana zombie (D:7)
  A spectral shadow imp (D:7)
  A ball python zombie (D:4)
  A bombardier beetle zombie (D:5)
  A goblin zombie (D:4)
  A hobgoblin zombie (D:4)
  3 kobold zombies
  7 orc zombies
22 creatures vanquished.

Grand Total: 169 creatures vanquished

Notes
Turn   | Place    | Note
-------+----------+-------------------------------------------
     0 | D:1      | hawla the Minotaur Fighter began the quest for the Orb.
     0 | D:1      | Reached XP level 1. HP: 19/19 MP: 0/0
    93 | D:1      | Reached XP level 2. HP: 26/27 MP: 1/1
   183 | D:1      | Reached skill level 1 in Dodging
   828 | D:2      | Reached XP level 3. HP: 33/33 MP: 2/2
  1180 | D:2      | Found Kaleukhy's Jewellery Shoppe.
  1229 | D:2      | Found a faded altar of an unknown god.
  1467 | D:3      | Reached XP level 4. HP: 37/40 MP: 3/3
  1587 | D:3      | Reached skill level 5 in Shields
  2282 | D:4      | Found a staircase to the Ecumenical Temple.
  2292 | Temple   | Entered the Ecumenical Temple
  2306 | Temple   | Became a worshipper of Yredelemnul the Dark
  2426 | D:4      | Reached XP level 5. HP: 46/46 MP: 4/4
  2499 | D:4      | Reached * piety under Yredelemnul
  2552 | D:4      | Reached skill level 5 in Dodging
  2552 | D:4      | Reached skill level 1 in Evocations
  2694 | D:4      | Reached ** piety under Yredelemnul
  2706 | D:4      | Reached XP level 6. HP: 52/52 MP: 5/5
  2826 | D:4      | Found a runed translucent door.
  2827 | D:4      | Noticed Crazy Yiuf
  2974 | D:4      | Killed Crazy Yiuf
  3092 | D:5      | Entered Level 5 of the Dungeon
  3279 | D:5      | Reached XP level 7. HP: 59/59 MP: 6/6
  3760 | D:5      | Reached skill level 5 in Throwing
  4352 | D:6      | Identified a scroll of acquirement
  4360 | D:6      | Acquired a manual of Throwing
  4560 | D:6      | Reached skill level 1 in Invocations
  4802 | D:6      | Reached skill level 2 in Invocations
  4802 | D:6      | Reached XP level 8. HP: 52/66 MP: 8/8
  4947 | D:6      | Reached skill level 3 in Invocations
  5071 | D:6      | Reached skill level 4 in Invocations
  5242 | D:6      | Noticed Eustachio
  5244 | D:6      | Found an iron altar of Okawaru.
  5268 | D:6      | Killed Eustachio
  5269 | D:6      | Reached skill level 5 in Invocations
  5630 | D:7      | Noticed Pikel
  5649 | D:7      | Killed Pikel
  5650 | D:7      | Reached skill level 7 in Invocations
  5650 | D:7      | Noticed Jeremiah
  5653 | D:7      | Reached XP level 9. HP: 50/71 MP: 11/13
  5668 | D:7      | Killed Jeremiah
  5669 | D:7      | Reached skill level 8 in Invocations
  5951 | D:7      | Reached skill level 9 in Invocations
  5967 | D:7      | Found a radiant altar of Vehumet.
  5977 | D:7      | Paralysed by a hornet for 3 turns
  6269 | D:7      | Found Fusmebax's Fabulous Fripperies.
  6610 | D:8      | Reached skill level 10 in Invocations
  6899 | D:9      | Paralysed by a hornet for 3 turns
  6901 | D:9      | Slain by a hornet

Illustrated notes

Levels and vault maps discovered:
D:1:      roderic_crop_circles_arrival_small, layout_loops_ring
D:2:      layout_loops_ring, shapermc_ecumenical_altar_ellora, serial_shops,
          nicolae_shop_tiny_real_fake_doors
D:3:      layout_loops_corners
D:4:      layout_rooms, temple_pool_b, uniq_crazy_yiuf_cottage
D:5:      layout_basic, serial_curves, eino_curves_03, eino_curves_03
D:6:      layout_loops_cross, mainiacjoe_overflow_catwalk, uniq_eustachio
D:7:      layout_layer_cave, vehumet_crystals, nicolae_alphabet_shops,
          uniq_pikel, uniq_jeremiah
D:8:      layout_rooms
D:9:      layout_cave_pools, orc_david_3
Temple:   nicolae_temple_bog_church

Skill      XL: |  1  2  3  4  5  6  7  8  9 |
---------------+----------------------------+-----
Fighting       | 4 |  4.0
Dodging        | 1 2 3 5 |  5.0
Shields        | 4 5 |  5.0
Evocations     | 1 3 |  3.0
Throwing       | 2 6 |  6.0
Invocations    | 2 7 10 | 10.7
Axes           | |  2.4
Armour         | |  3.6

Action                     |  1- 3 |  4- 6 |  7- 9 || total
---------------------------+-------+-------+-------++-------
  Melee: War axe           |   105 |    94 |   203 ||   402
         Headbutt          |    16 |    12 |    39 ||    67
 Invoke: Recall Undead Har |       |       |     1 ||     1
  Evoke: Wand              |       |       |    13 ||    13
    Use: Scroll            |     5 |     3 |     7 ||    15
         Potion            |       |       |     4 ||     4
   Stab: Distracted        |       |       |     2 ||     2
         Paralysed         |       |       |     7 ||     7
 Armour: Scale mail        |    28 |       |       ||    28
         Plate armour      |    41 |    81 |   240 ||   362
  Dodge: Dodged            |    40 |    33 |    70 ||   143
  Block: Buckler           |    30 |    26 |   120 ||   176
         Reflection        |       |       |     2 ||     2
